 Dungeon Crawl Stone Soup version 0.30-a0-475-g03497ec522 (webtiles) character file.

Game seed: 9165605927668915166

2709 cforsyth the Summoner (level 9, 0/59 HPs)
             Began as a Merfolk Summoner on Dec 20, 2022.
             Shot with an arrow by a centaur (10 damage)
             ... on level 7 of the Dungeon.
             The game lasted 00:30:06 (9630 turns).

cforsyth the Summoner (Merfolk Summoner)            Turns: 9630, Time: 00:30:07

Health: 0/59       AC:  2    Str:  9    XL:     9   Next: 66%
Magic:  19/19      EV: 13    Int: 24    God:
Gold:   329        SH:  0    Dex: 14    Spells: 8/21 levels left

rFire   . . .      SeeInvis .    (no weapon)
rCold   . . .      Faith    .    (no shield)
rNeg    . . .      Spirit   .    a - +0 robe
rPois   .          Reflect  .    (no helmet)
rElec   .          Harm     .    (no cloak)
rCorr   .          Rampage  .    (no gloves)
Will    .....                    (no boots)
Stlth   ++........               q - amulet of regeneration
HPRegen 1.09/turn                v - +6 ring of intelligence
MPRegen 0.16/turn                (no ring)

@: no status effects
A: (nimble swimmer 2), mertail
a: no special abilities


You were on level 7 of the Dungeon.
You visited 1 branch of the dungeon, and saw 7 of its levels.

You collected 329 gold pieces.

Inventory:

Armour
 a - a +0 robe (worn)
 i - a +2 leather armour of willpower
Jewellery
 q - an amulet of regeneration (around neck)
 r - an amulet of guardian spirit
 v - a +6 ring of intelligence (left hand)
Wands
 u - a wand of iceblast (9)
Scrolls
 c - a scroll of teleportation
 d - a scroll of enchant weapon
 h - a scroll of vulnerability {unknown}
 l - a scroll of amnesia
 m - a scroll of magic mapping
 p - a scroll of immolation {unknown}
 s - a scroll of identify {unknown}
 w - a scroll of summoning {unknown}
 x - a scroll of torment {unknown}
 y - a scroll of silence {unknown}
Potions
 b - a potion of magic
 e - 2 potions of might {unknown}
 f - 4 potions of attraction {unknown}
 g - 3 potions of flight {unknown}
 j - 2 potions of lignification {unknown}
 k - a potion of invisibility {unknown}
 n - 2 potions of cancellation {unknown}
 o - 3 potions of curing {unknown}
 t - a potion of ambrosia {unknown}
 z - a potion of berserk rage {unknown}
 A - a potion of degeneration {unknown}


   Skills:
 + Level 1.1 Fighting
 + Level 3.1 Dodging
 - Level 2.1 Stealth
 + Level 6.8 Spellcasting
 - Level 5.0 Hexes
 + Level 8.5 Summonings
 - Level 3.0 Ice Magic
 + Level 3.5 Air Magic


You had 8 spell levels left.
You knew the following spells:

 Your Spells              Type           Power      Damage    Failure   Level
a - Summon Small Mammal   Summ           100%       N/A       1%          1
b - Call Imp              Summ           49%        N/A       1%          2
c - Call Canine Familiar  Summ           49%        N/A       1%          3
d - Summon Guardian Gole  Hex/Summ       40%        N/A       1%          3
e - Summon Lightning Spi  Summ/Air       37%        N/A       6%          4

Your spell library contained the following spells:

 Spells                   Type           Power      Damage    Failure   Level
 Shock                    Conj/Air       64%        1d7       3%          1
 Apportation              Tloc           16%        N/A       8%          1
 Magic Dart               Conj           32%        1d4       8%          1
 Alistair's Intoxication  Tmut/Pois      5%         N/A       90%         5


Dungeon Overview and Level Annotations

Branches:
Dungeon (7/15)             Temple (0/1) D:7

Altars:
Sif Muna
Trog
Xom
Zin

Shops:
D:3 (   D:4 (

Annotations:
D:6 2 transporters


Innate Abilities, Weirdness & Mutations

((You are very nimble when in or above water. (Stealth+, EV+, Speed+++)))
Your lower body shifts to a powerful aquatic tail in water.


Message History

The sky beast shocks your wolf.
Your wolf dies!
Your wolf's corpse disappears in a puff of smoke!
The sky beast flickers out of sight!
Deactivating autopickup; reactivate with Ctrl-A.
Casting: Call Canine Familiar (safe; 1% risk of failure)
Confirm with . or Enter, or press ? or * to list all spells.
Something misses your wolf.
Your wolf closely misses something.
Your wolf barely misses something.
Something hits your wolf but does no damage.
Your wolf bites something.
Reactivating autopickup.
You feel a bit more experienced.
Your Fighting skill increases to level 1!
Your Dodging skill increases to level 3!
Unknown command.
A centaur comes into view.
The centaur moves out of view.
A centaur is nearby!
A centaur is nearby!
A centaur is nearby!
A centaur is nearby!
The centaur wields a +0 shortbow.
The centaur shoots an arrow.
The arrow hits you!
The centaur shoots an arrow.
The arrow hits you!
The centaur shoots an arrow.
The arrow barely misses you.
The centaur shoots an arrow.
The arrow hits you!
The centaur shoots an arrow.
The arrow hits you.
Your wolf closely misses the centaur.
The centaur shoots an arrow.
The arrow hits you!
Your wolf bites the centaur.
The centaur shoots an arrow.
The arrow hits you!
* * * LOW HITPOINT WARNING * * *
Your wolf completely misses the centaur.
The centaur shoots an arrow.
The arrow barely misses you.
Your wolf bites the centaur.
The centaur shoots an arrow.
The arrow hits you.
* * * LOW HITPOINT WARNING * * *
Your wolf barely misses the centaur.
Your wolf closely misses the centaur.
The centaur shoots an arrow.
The arrow hits you!
You die...

...# ....#
.....# .ch...#
#......
#.....##
#....## #..@.##
##....##
###...## ###
##...## ##..
##...## ####...
####.####......
#...........
##.###......
##.
#..###......


You could see a centaur (ally target) and a friendly wolf (summoned).

Vanquished Creatures
  A hobgoblin (D:1)
1 creature vanquished.

Vanquished Creatures (collateral kills)
  Edmund (D:5)
  An orc warrior (D:4)
  3 sky beasts
  A phantom (D:4)
  3 lemures (D:5)
  A necrophage (D:4)
  2 bullfrogs (D:6)
  2 scorpions
  2 hounds
  An orc priest (D:3)
  2 jellies
  8 orc wizards
  Natasha (thrice) (D:4)
  4 iguanas
  3 gnolls
  5 adders
  2 white imps (D:5)
  3 dart slugs
  34 orcs
  5 endoplasms
  A giant cockroach (D:1)
  14 goblins
  6 hobgoblins
  8 jackals
  3 quokkas
  12 ball pythons
  4 bats
  3 kobolds
  7 rats
144 creatures vanquished.

Vanquished Creatures (others)
  Pikel (D:5)
  Sigmund (D:4)
  3 black bears
  Blork the orc (D:4)
  A gnoll sergeant (D:5)
  A hound (D:5)
  An iguana (D:4)
  2 gnolls (D:5)
  An orc (D:4)
  A quokka (D:4)
  33 plants
46 creatures vanquished.

Grand Total: 191 creatures vanquished

Notes
Turn   | Place    | Note
-------+----------+-------------------------------------------
     0 | D:1      | cforsyth the Merfolk Summoner began the quest for the Orb.
     0 | D:1      | Reached XP level 1. HP: 13/13 MP: 3/3
   138 | D:1      | Reached XP level 2. HP: 15/19 MP: 3/5
   209 | D:1      | Learned a level 2 spell: Call Imp
   611 | D:1      | Reached XP level 3. HP: 24/24 MP: 3/6
   939 | D:1      | Learned a level 3 spell: Call Canine Familiar
  1225 | D:2      | Found a faded altar of an unknown god.
  1307 | D:2      | Found a shimmering altar of Xom.
  1728 | D:2      | Reached XP level 4. HP: 30/30 MP: 2/8
  1933 | D:3      | Noticed a scorpion
  1963 | D:3      | Killed a scorpion
  1964 | D:3      | Reached skill level 5 in Summonings
  1964 | D:3      | Reached XP level 5. HP: 35/35 MP: 2/10
  1983 | D:2      | Learned a level 3 spell: Summon Guardian Golem
  2382 | D:3      | Found Laexed's Weapon Shop.
  2692 | D:3      | Reached skill level 1 in Hexes
  3645 | D:4      | Noticed a black bear
  4037 | D:3      | Reached XP level 6. HP: 41/41 MP: 8/12
  4077 | D:4      | Noticed Blork the orc
  4096 | D:4      | Killed Blork the orc
  4236 | D:4      | Noticed Natasha
  4243 | D:4      | Killed Natasha
  4379 | D:4      | Noticed an orc warrior
  4380 | D:4      | Found a bloodstained altar of Trog.
  4396 | D:4      | Killed an orc warrior
  4397 | D:4      | Reached skill level 6 in Summonings
  4455 | D:4      | Reached XP level 7. HP: 46/46 MP: 5/13
  4628 | D:4      | Found a shimmering blue altar of Sif Muna.
  4639 | D:4      | Got Sif Muna's Anthology of Blasts
  4750 | D:4      | Reached skill level 1 in Ice Magic
  4979 | D:4      | Noticed Sigmund
  5269 | D:4      | Noticed Natasha
  5428 | D:4      | Killed Sigmund
  5429 | D:4      | Reached skill level 5 in Spellcasting
  5434 | D:4      | Learned a level 4 spell: Summon Lightning Spire
  5770 | D:4      | Reached XP level 8. HP: 24/52 MP: 3/15
  6022 | D:5      | Entered Level 5 of the Dungeon
  6142 | D:4      | Found Wetiadug's Antique Weapon Shoppe.
  6340 | D:4      | Killed Natasha
  6513 | D:4      | Noticed Natasha
  6538 | D:4      | Killed Natasha
  6714 | D:4      | Reached skill level 7 in Summonings
  7191 | D:5      | Reached skill level 1 in Air Magic
  7316 | D:5      | Noticed Pikel
  7705 | D:5      | Killed Pikel
  7706 | D:5      | Reached skill level 5 in Hexes
  7706 | D:5      | Reached XP level 9. HP: 57/57 MP: 11/18
  7951 | D:5      | Noticed Edmund
  7971 | D:5      | Killed Edmund
  7972 | D:5      | Reached skill level 8 in Summonings
  8096 | D:5      | Found a glowing silver altar of Zin.
  8704 | D:6      | Found a transporter.
  8905 | D:6      | Found a transporter.
  8919 | D:6      | Noticed a kobold demonologist
  9537 | D:7      | Found a staircase to the Ecumenical Temple.
  9580 | D:7      | Reached skill level 1 in Fighting
  9630 | D:7      | Shot with an arrow by a centaur

Illustrated notes

Levels and vault maps discovered:
D:1:      tarquinn_simple_flora_water_c, layout_rooms
D:2:      minmay_wonky_spiral, layout_basic, basic_altar,
          nicolae_ecumenical_snake_handling, minivault_25,
          minmay_misc_feat_hallway, uniq_robin
D:3:      layout_rooms, serial_shops, nicolae_diamond_shop,
          hangedman_feature_mirror
D:4:      layout_loops_ring, nzn_overflow_gifts_of_might_and_magic,
          serial_shops, nicolae_shop_overgrown_old_shop, minmay_misc_feat_five,
          serial_bayou_lagoon_b, uniq_blork_the_orc, uniq_sigmund, uniq_natasha
D:5:      minmay_general_purpose_star, layout_rooms, zin_statuary,
          corexii_checkpoint_b, uniq_edmund, uniq_pikel
D:6:      gammafunk_wand_slinger, layout_basic
D:7:      layout_cave_pods, nicolae_qazlal_style_of_elements, temple_green,
          serial_shops, kennysheep_little_box

Skill      XL: |  1  2  3  4  5  6  7  8  9 |
---------------+----------------------------+-----
Spellcasting   | 3 4 5 6 |  6.8
Summonings     | 5 6 7 8 |  8.5
Hexes          | 1 2 3 5 |  5.0
Ice Magic      | 2 3 |  3.0
Air Magic      | 2 3 |  3.5
Fighting       | 1 |  1.1
Dodging        | 3 |  3.1
Stealth        | |  2.1

Action                   |  1- 3 |  4- 6 |  7- 9 || total
-------------------------+-------+-------+-------++-------
Melee: Unarmed           |    16 |     7 |    18 ||    41
       Tailslap          |     2 |       |     1 ||     3
 Cast: Summon Small Mamm |    35 |    25 |    41 ||   101
       Call Imp          |     8 |    10 |    19 ||    37
       Call Canine Famil |     8 |    27 |    40 ||    75
       Summon Guardian G |       |     2 |    17 ||    19
  Use: Scroll            |       |       |     4 ||     4
Armor: Robe              |     8 |     7 |    10 ||    25
Dodge: Dodged            |    32 |    33 |    48 ||   113

Table legend: (Time is in decaauts)
 A = Elapsed time spent in this place.
 B = Non-inter-level travel time spent in this place.
 C = Inter-level travel time spent in this place.
 D = Time resting spent in this place.
 E = Time spent auto-exploring this place.
 F = Levels seen in this place.
 G = Mean time per level.
                   A        B        C        D        E       F      G
               +--------+--------+--------+--------+--------+-----+--------+
         Total |   9575 |   9387 |    188 |   3102 |   3944 |   7 | 1367.9 |
       Dungeon |   9575 |   9387 |    188 |   3102 |   3944 |   7 | 1367.9 |
               +--------+--------+--------+--------+--------+-----+--------+

Top non-repeatable levels by time:
     D:4: 2747 daAuts
     D:3: 2083 daAuts
     D:2: 1489 daAuts
     D:5: 1294 daAuts
     D:6: 1022 daAuts
     D:1: 689 daAuts
     D:7: 249 daAuts
